AoeStats
← ElHuguidro

Arabia

509252852Analyzed
1v1 RM · 4d ago on Sep 26, 2026· 67m 40s· 2 players
Game mode
Random Map
Map size
Tiny (2 player)
Population
200
Speed
Normal
Resources
Standard
Victory
Conquest
Starting age
Dark Age
Ending age
Imperial Age
RankedLock teamsTeams togetherTeam positionsShared explorationLock speedFull tech treeHidden civsTurbo modeCheats
Victory
Defeat
🇲🇽 Berbers · Mexico
1101
+14
🇦🇷 Bulgarians · Argentina
1057
-14
ElHuguidro
8:19 Loom
10:35 Feudal Age
17:12 Arson
17:16 Double-Bit Axe
17:13 Horse Collar
22:26 Castle Age
20:57 Fletching
24:50 Stone Mining
25:37 Wheelbarrow
27:27 Bodkin Arrow
28:34 Bow Saw
38:12 Heavy Plow
39:28 Gold Mining
42:16 Hand Cart
46:13 Imperial Age
44:26 Elite Skirmisher
45:17 Padded Archer Armor
46:16 Gold Shaft Mining
46:16 Stone Shaft Mining
48:11 Leather Archer Armor
47:56 Bracer
48:12 Leather Archer Armor
51:08 Chemistry
51:31 Masonry
53:53 Forging
53:43 Scale Mail Armor
54:40 Crop Rotation
53:37 Pikeman
54:18 Squires
54:03 Gambesons
56:08 Bloodlines
55:59 Husbandry
56:56 Siege Engineers
57:14 Ballistics
57:23 Halberdier
59:09 Chain Mail Armor
59:30 Iron Casting
60:48 Plate Mail Armor
61:18 Blast Furnace
60:16 Halberdier
iguana334
7:29 Loom
11:01 Feudal Age
13:08 Double-Bit Axe
20:41 Castle Age
18:38 Gold Mining
18:34 Horse Collar
19:18 Fletching
20:34 Padded Archer Armor
21:12 Wheelbarrow
20:45 Crossbowman
21:44 Bow Saw
22:14 Bodkin Arrow
22:39 Heavy Plow
26:53 Gold Shaft Mining
27:49 Hand Cart
30:48 Leather Archer Armor
35:30 Imperial Age
33:32 Thumb Ring
35:12 Stone Mining
38:10 Bracer
43:41 Town Watch
44:40 Ballistics
45:21 Chemistry
45:27 Town Patrol
46:28 Conscription
45:30 Elite Camel Archer
47:01 Masonry
50:40 Bloodlines
50:31 Husbandry
51:18 Ring Archer Armor
50:54 Scale Barding Armor
52:04 Forging
52:56 Crop Rotation
52:14 Cavalier
53:37 Chain Barding Armor
55:01 Iron Casting
55:35 Plate Barding Armor
61:28 Blast Furnace
60:39 Elite Genitour
62:16 Light Cavalry
64:07 Hussar
Connection lost

Rejoining the realm…

Still unreachable

The connection could not be restored.

Session expired

The server has moved on; the page needs a fresh start.